LOFF
GALVESTON GULLS @ NACOGDOCHES ROACHES
06/05/1905
 
TOP OF THE 1ST
Galveston Gulls batting - Pitching for Nacogdoches Roaches : RHP Joaquín Espinosa
Pitching: RHP Joaquín Espinosa
Batting: RHB Heath Jones 0-0: Ball
1-0: Foul Ball, location: 2F
1-1: Foul Ball, location: 2F
1-2: Foul Ball, location: 2F
1-2: Foul Ball, location: 3F
1-2: Ball
2-2: SINGLE (Line Drive, 4D, EV 164 KM/H)
Batting: RHB Cristóbal Méndez 0-0: Ball
1-0: Ball
2-0: Bunted foul
2-1: Ball
3-1: Sac Bunt to 2R - play at first, batter OUT! 2-3
Heath Jones to second
Batting: RHB Javier Novo 0-0: SINGLE (Line Drive, 8LS, EV 146 KM/H)
Heath Jones to third
Runner from 3rd tries for Home, SAFE, throw by CF to home
Batting: LHB Arnaldo Delgado 0-0: Called Strike
0-1: Foul Ball, location: 2F
0-2: Ball
1-2: Foul Ball, location: 5FF
1-2: Foul Ball, location: 3DF
1-2: Fly out, F9 (Flyball, 9S, EV 152 KM/H)
Batting: LHB Timón López 0-0: Ball
1-0: Foul Ball, location: 2F
1-1: Foul Ball, location: 2F
1-2: Fly out, F8 (Flyball, 89XD, EV 160 KM/H)
Top of the 1st over - 1 run, 2 hits, 0 errors, 1 left on base; Galveston 1 - Nacogdoches 0
BOTTOM OF THE 1ST
Nacogdoches Roaches batting - Pitching for Galveston Gulls : RHP Nicandro González
Pitching: RHP Nicandro González
Batting: SHB Ananías Méndez 0-0: Ball
1-0: Foul Ball, location: 5FF
1-1: Called Strike
1-2: Ground out U3 (Groundball, 3S, EV 130 KM/H)
Batting: LHB Rosendo Rodríguez 0-0: Ball
1-0: Ball
2-0: Foul Ball, location: 9LSF
2-1: Foul Ball, location: 3FF
2-2: Ground out 4-3 (Groundball, 4, EV 158 KM/H)
Batting: RHB Leucipo Mata 0-0: Ball
1-0: SINGLE (Line Drive, 8RS, EV 149 KM/H)
Batting: RHB Aarón Tapia 0-0: Called Strike
0-1: Ball
1-1: Called Strike
1-2: Fielders Choice at 2nd, 5-4 (Groundball, 5L, EV 132 KM/H)
Bottom of the 1st over - 0 runs, 1 hit, 0 errors, 1 left on base; Galveston 1 - Nacogdoches 0
TOP OF THE 2ND
Galveston Gulls batting - Pitching for Nacogdoches Roaches : RHP Joaquín Espinosa
Batting: RHB Admeto Hernández 0-0: Ball
1-0: SINGLE (Line Drive, 78S, EV 163 KM/H)
Batting: LHB Esteban Valadés 0-0: Ball
1-0: Fielders Choice at 2nd, 6-4 (Groundball, 6, EV 130 KM/H)
Batting: RHB Rafael Trujillo 0-0: Ball
1-0: Called Strike
1-1: Foul Ball, location: 2F
1-2: Ball
2-2: Foul Ball, location: 2F
2-2: Ball
3-2: Base on Balls
Esteban Valadés to second
Batting: RHB Leo Nartey 0-0: Foul Ball, location: 9LSF
0-1: Called Strike
0-2: Ball
1-2: Ball
2-2: Grounds into double play, 6-4-3 (Groundball, 6, EV 130 KM/H)
Top of the 2nd over - 0 runs, 1 hit, 0 errors, 1 left on base; Galveston 1 - Nacogdoches 0
BOTTOM OF THE 2ND
Nacogdoches Roaches batting - Pitching for Galveston Gulls : RHP Nicandro González
Batting: LHB An Thu 0-0: DOUBLE (Line Drive, 89M, EV 174 KM/H)
Batting: RHB Daniel Jose 0-0: Ball
1-0: Bunted foul
1-1: Bunted foul
1-2: Strikes out swinging
Batting: RHB Tirso López 0-0: Swinging Strike
0-1: Ground out 4-3 (Groundball, 4M, EV 137 KM/H)
An Thu to third
Batting: SHB Luis Cantú 0-0: Ball
1-0: Ball
2-0: Fly out, F8 (Line Drive, 8LS, EV 141 KM/H)
Bottom of the 2nd over - 0 runs, 1 hit, 0 errors, 1 left on base; Galveston 1 - Nacogdoches 0
TOP OF THE 3RD
Galveston Gulls batting - Pitching for Nacogdoches Roaches : RHP Joaquín Espinosa
Batting: RHB Heath Jones 0-0: Reached on error, E4 (Groundball, 4, EV 172 KM/H)
Batting: RHB Cristóbal Méndez 0-0: Sac Bunt to 15 - play at first, batter OUT! 1-3
Heath Jones to second
Batting: RHB Javier Novo 0-0: Ball
1-0: Fly out, F2 (Popup, 23F, EV 134 KM/H)
Batting: LHB Arnaldo Delgado 0-0: Ball
1-0: Called Strike
1-1: Ball
2-1: Ball
3-1: Foul Ball, location: 2F
3-2: Ground out 3-1 (Groundball, 34, EV 123 KM/H)
Top of the 3rd over - 0 runs, 0 hits, 1 error, 1 left on base; Galveston 1 - Nacogdoches 0
BOTTOM OF THE 3RD
Nacogdoches Roaches batting - Pitching for Galveston Gulls : RHP Nicandro González
Batting: LHB José Mateo 0-0: Foul Ball, location: 2F
0-1: Ball
1-1: Called Strike
1-2: Ball
2-2: Ball
3-2: Foul Ball, location: 9LSFF
3-2: Fly out, F4 (Popup, 4MD, EV 98 KM/H)
Batting: SHB Ananías Méndez 0-0: Ball
1-0: Ball
2-0: Foul Ball, location: 2F
2-1: Called Strike
2-2: Strikes out swinging
Batting: LHB Rosendo Rodríguez 0-0: Swinging Strike
0-1: Ball
1-1: Ball
2-1: Reached on error, E5 (Groundball, 56S, EV 135 KM/H)
Batting: RHB Leucipo Mata 0-0: Ball
1-0: Ball
2-0: Called Strike
2-1: Called Strike
2-2: SINGLE (Line Drive, 89M, EV 145 KM/H)
Rosendo Rodríguez to second
Runner from 2nd tries for 3rd, SAFE, throw by RF made to third
Leucipo Mata to second
Batting: RHB Aarón Tapia 0-0: Foul Ball, location: 9LDF
0-1: Ball
1-1: Foul Ball, location: 2F
1-2: Ball
2-2: Reached on error, E6 (Groundball, 6, EV 154 KM/H)
Rosendo Rodríguez scores
Leucipo Mata to third
Batting: LHB An Thu 0-0: Called Strike
0-1: Ball
1-1: Ball
2-1: Foul Ball, location: 7LSF
2-2: Ball
3-2: Fly out, F6 (Popup, 56, EV 122 KM/H)
Bottom of the 3rd over - 1 run, 1 hit, 2 errors, 2 left on base; Galveston 1 - Nacogdoches 1
TOP OF THE 4TH
Galveston Gulls batting - Pitching for Nacogdoches Roaches : RHP Joaquín Espinosa
Batting: LHB Timón López 0-0: Called Strike
0-1: Ball
1-1: Swinging Strike
1-2: Foul Ball, location: 7LMF
1-2: Ball
2-2: Ball
3-2: Fly out, F8 (Flyball, 78S, EV 154 KM/H)
Batting: RHB Admeto Hernández 0-0: Ball
1-0: Ground out U3 (Groundball, 3L, EV 146 KM/H)
Batting: LHB Esteban Valadés 0-0: Ground out 5-3 (Groundball, 56, EV 140 KM/H)
Top of the 4th over - 0 runs, 0 hits, 0 errors, 0 left on base; Galveston 1 - Nacogdoches 1
BOTTOM OF THE 4TH
Nacogdoches Roaches batting - Pitching for Galveston Gulls : RHP Nicandro González
Batting: RHB Daniel Jose 0-0: Ball
1-0: Ball
2-0: Ball
3-0: Called Strike
3-1: SINGLE (Groundball, 6MS, EV 104 KM/H) (infield hit)
Batting: RHB Tirso López 0-0: Bunt - Flyout to 25! F5
Batting: SHB Luis Cantú 0-0: Fly out, F9 (Flyball, 9LM, EV 141 KM/H)
Batting: LHB José Mateo 0-0: Called Strike
0-1: Ball
1-1: DOUBLE (Flyball, 89XD, EV 155 KM/H)
Daniel Jose to third
Runner from 3rd tries for Home, SAFE, throw by CF to trailing runner, SAFE at third!
Batting: SHB Ananías Méndez 0-0: SINGLE (Flyball, 6D, EV 158 KM/H)
José Mateo scores
Batting: LHB Rosendo Rodríguez 0-0: Ball
1-0: Fly out, F8 (Line Drive, 8LM, EV 167 KM/H)
Bottom of the 4th over - 2 runs, 3 hits, 0 errors, 1 left on base; Galveston 1 - Nacogdoches 3
TOP OF THE 5TH
Galveston Gulls batting - Pitching for Nacogdoches Roaches : RHP Joaquín Espinosa
Batting: RHB Rafael Trujillo 0-0: Ball
1-0: SINGLE (Groundball, 34D, EV 155 KM/H)
Batting: RHB Leo Nartey 0-0: Called Strike
0-1: Reached on error, E6 (Groundball, 56, EV 160 KM/H)
Rafael Trujillo to second
Batting: RHB Heath Jones 0-0: Sac Bunt to 13 - play at third, runner OUT! 1-5
Leo Nartey to second
Batting: RHB Cristóbal Méndez 0-0: Ball
1-0: Called Strike
1-1: Swinging Strike
1-2: Ball
2-2: Ball
3-2: Fly out, F6 (Popup, 6MS, EV 120 KM/H)
Batting: RHB Javier Novo 0-0: Ball
1-0: Ball
2-0: Ball
3-0: Base on Balls
Leo Nartey to third
Heath Jones to second
Batting: LHB Arnaldo Delgado 0-0: Ground out 4-3 (Groundball, 34, EV 163 KM/H)
Top of the 5th over - 0 runs, 1 hit, 1 error, 3 left on base; Galveston 1 - Nacogdoches 3
BOTTOM OF THE 5TH
Nacogdoches Roaches batting - Pitching for Galveston Gulls : RHP Nicandro González
Batting: RHB Leucipo Mata 0-0: Foul Ball, location: 7LMF
0-1: SINGLE (Line Drive, 8LS, EV 149 KM/H)
Batting: RHB Aarón Tapia 0-0: Ball
1-0: Ball
2-0: Grounds out, U3 (Groundball, 3L, EV 146 KM/H)
Batting: LHB An Thu 0-0: Ball
1-0: Foul Ball, location: 2F
1-1: Ground out 5-3 (Groundball, 56, EV 148 KM/H)
Batting: RHB Daniel Jose 0-0: Swinging Strike
0-1: Ball
1-1: Foul Ball, location: 3DF
1-2: Strikes out swinging
Bottom of the 5th over - 0 runs, 1 hit, 0 errors, 1 left on base; Galveston 1 - Nacogdoches 3
TOP OF THE 6TH
Galveston Gulls batting - Pitching for Nacogdoches Roaches : RHP Joaquín Espinosa
Batting: LHB Timón López 0-0: Ball
1-0: Called Strike
1-1: Reached on error, E3 (Groundball, 3, EV 177 KM/H)
Batting: RHB Admeto Hernández 0-0: Grounds into double play, 6-4-3 (Groundball, 6, EV 161 KM/H)
Batting: LHB Esteban Valadés 0-0: Called Strike
0-1: Ball
1-1: Foul Ball, location: 2F
1-2: Ground out 5-3 (Groundball, 5L, EV 146 KM/H)
Top of the 6th over - 0 runs, 0 hits, 1 error, 0 left on base; Galveston 1 - Nacogdoches 3
BOTTOM OF THE 6TH
Nacogdoches Roaches batting - Pitching for Galveston Gulls : RHP Nicandro González
Batting: RHB Tirso López 0-0: Ball
1-0: Ball
2-0: Called Strike
2-1: Ball
3-1: Foul Ball, location: 23FF
3-2: Fly out, F8 (Flyball, 89M, EV 148 KM/H)
Batting: SHB Luis Cantú 0-0: Called Strike
0-1: Ball
1-1: Ball
2-1: Foul Ball, location: 23F
2-2: Foul Ball, location: 25F
2-2: Fly out, F4 (Popup, 34D, EV 91 KM/H)
Batting: LHB José Mateo 0-0: Called Strike
0-1: Foul Ball, location: 2F
0-2: Ground out 5-3 (Groundball, 15, EV 129 KM/H)
Bottom of the 6th over - 0 runs, 0 hits, 0 errors, 0 left on base; Galveston 1 - Nacogdoches 3
TOP OF THE 7TH
Galveston Gulls batting - Pitching for Nacogdoches Roaches : RHP Joaquín Espinosa
Batting: RHB Rafael Trujillo 0-0: Ball
1-0: SINGLE (Line Drive, 78S, EV 141 KM/H)
Pinch Hitting: LHB Nazario Villalobos 0-0: Called Strike
0-1: Ball
1-1: Foul Ball, location: 2F
1-2: Foul Ball, location: 5F
1-2: Ball
2-2: Foul Ball, location: 5FF
2-2: Ball
3-2: Base on Balls
Rafael Trujillo to second
Batting: RHB Heath Jones 0-0: Ball
1-0: Sac Bunt to 15 - play at first, batter OUT! 1-4
Rafael Trujillo to third
Nazario Villalobos to second
Batting: RHB Cristóbal Méndez 0-0: Foul Ball, location: 3FF
0-1: Ball
1-1: Foul Ball, location: 2F
1-2: Ball
2-2: Foul Ball, location: 9LSF
2-2: Fly out, F7 (Flyball, 78M, EV 130 KM/H)
Runner from 3rd tags up, SCORES, no throw by LF
Batting: RHB Javier Novo 0-0: Called Strike
0-1: Ball
1-1: Fly out, F7 (Flyball, 7, EV 143 KM/H)
Top of the 7th over - 1 run, 1 hit, 0 errors, 1 left on base; Galveston 2 - Nacogdoches 3
BOTTOM OF THE 7TH
Nacogdoches Roaches batting - Pitching for Galveston Gulls : RHP Nicandro González
Now at SS: Javier Lima
Batting: SHB Ananías Méndez 0-0: Ball
1-0: Called Strike
1-1: DOUBLE (Line Drive, 89XD, EV 169 KM/H)
Batting: LHB Rosendo Rodríguez 0-0: Ball
1-0: Sac Bunt to 2R - play at first, batter OUT! 2-3
Ananías Méndez to third
Batting: RHB Leucipo Mata 0-0: Ball
1-0: Ball
2-0: Ball
3-0: Called Strike
3-1: Foul Ball, location: 2F
3-2: Fly out, F5 (Line Drive, 5L, EV 109 KM/H)
Batting: RHB Aarón Tapia 0-0: Ball
1-0: SINGLE (Groundball, 6MD, EV 151 KM/H)
Ananías Méndez scores
Batting: LHB An Thu 0-0: Fly out, F6 (Popup, 6, EV 88 KM/H)
Bottom of the 7th over - 1 run, 2 hits, 0 errors, 1 left on base; Galveston 2 - Nacogdoches 4
TOP OF THE 8TH
Galveston Gulls batting - Pitching for Nacogdoches Roaches : RHP Joaquín Espinosa
Batting: LHB Arnaldo Delgado 0-0: SINGLE (Line Drive, 9S, EV 159 KM/H)
Batting: LHB Timón López 0-0: Ball
1-0: Foul Ball, location: 25F
1-1: Ball
2-1: Swinging Strike
2-2: Foul Ball, location: 23F
2-2: Ball
3-2: Base on Balls
Arnaldo Delgado to second
Batting: RHB Admeto Hernández 0-0: Sac Bunt to 23 - play at first, batter OUT! 3-4
Arnaldo Delgado to third
Timón López to second
Batting: LHB Esteban Valadés 0-0: Ball
1-0: Called Strike
1-1: Ball
2-1: Reached on error, E4 (Groundball, 4MD, EV 166 KM/H)
Arnaldo Delgado scores
Timón López to third
Pinch Hitting: RHB Andrónico Villarreal 0-0: Ball
Wild Pitch!
Timón López scores
Esteban Valadés to second
1-0: Ball
2-0: Called Strike
2-1: Ground out 1-3 (Groundball, 13S, EV 105 KM/H)
Esteban Valadés to third
Batting: SHB Javier Lima 0-0: SINGLE (Groundball, 56D, EV 174 KM/H)
Esteban Valadés scores
Batting: RHB Heath Jones 0-0: Called Strike
0-1: Fielders Choice at 2nd, 6-4 (Groundball, 6, EV 166 KM/H)
Top of the 8th over - 3 runs, 2 hits, 1 error, 1 left on base; Galveston 5 - Nacogdoches 4
BOTTOM OF THE 8TH
Nacogdoches Roaches batting - Pitching for Galveston Gulls : RHP Nicandro González
Now at 2B: Avelino Duarte
Pinch Hitting: LHB Lino Montes 0-0: Ground out U3 (Groundball, 3L, EV 134 KM/H)
Pinch Hitting: SHB Guillermo Valdés 0-0: Ball
1-0: Foul Ball, location: 2F
1-1: Ball
2-1: Ball
3-1: Base on Balls
Batting: SHB Luis Cantú 0-0: Foul Ball, location: 2F
0-1: Bunted foul
0-2: Ball
1-2: DOUBLE (Line Drive, 78M, EV 159 KM/H)
Guillermo Valdés to third
Batting: LHB José Mateo 0-0: SINGLE (Line Drive, 7LS, EV 174 KM/H)
Guillermo Valdés scores
Luis Cantú to third
Runner from 3rd tries for Home, SAFE, throw by LF to home
Batting: SHB Ananías Méndez 0-0: Foul Ball, location: 2F
0-1: Called Strike
0-2: Ball
1-2: Fly out, F2 (Popup, 2L, EV 146 KM/H)
Batting: LHB Rosendo Rodríguez 0-0: Called Strike
0-1: Ball
1-1: DOUBLE (Line Drive, 78M, EV 177 KM/H)
José Mateo to third
Runner from 3rd tries for Home, SAFE, throw by LF to trailing runner, SAFE at third!
Batting: RHB Leucipo Mata 0-0: Foul Ball, location: 9LSF
0-1: Swinging Strike
0-2: Ground out 3-1 (Groundball, 34D, EV 153 KM/H)
Bottom of the 8th over - 3 runs, 3 hits, 0 errors, 1 left on base; Galveston 5 - Nacogdoches 7
TOP OF THE 9TH
Galveston Gulls batting - Pitching for Nacogdoches Roaches : RHP Joaquín Espinosa
Now at 1B: Guillermo Valdés
Now at SS: Sebastián Andrade
Batting: RHB Cristóbal Méndez 0-0: Called Strike
0-1: Called Strike
0-2: Ball
1-2: Foul Ball, location: 9LDF
1-2: Foul Ball, location: 9LDF
1-2: Fly out, F8 (Flyball, 8LM, EV 147 KM/H)
Batting: RHB Javier Novo 0-0: Ball
1-0: DOUBLE (Line Drive, 7LS, EV 143 KM/H)
Batting: LHB Arnaldo Delgado 0-0: Ball
1-0: Swinging Strike
1-1: Foul Ball, location: 3FF
1-2: Fly out, F7 (Flyball, 7, EV 135 KM/H)
Batting: LHB Timón López 0-0: Called Strike
0-1: Swinging Strike
0-2: Ground out 6-3 (Groundball, 6, EV 137 KM/H)
Top of the 9th over - 0 runs, 1 hit, 0 errors, 1 left on base; Galveston 5 - Nacogdoches 7
Friday, December 20th , 2024 - OOTP Baseball 25.11 Build 100